 Dungeon Crawl Stone Soup version 0.19-a0-975-gfff5315 (webtiles) character file.

21 4thArraOfDagon the Caller (level 2, 0/19 HPs)
             Began as a Demonspawn Summoner on July 13, 2016.
             Succumbed to an orc's poison
             ... on level 2 of the Dungeon.
             The game lasted 00:02:50 (565 turns).

4thArraOfDagon the Caller (Demonspawn Summoner)      Turns: 565, Time: 00:02:51

Health: 0/19       AC: 10    Str:  8    XL:     2   Next: 65%
Magic:  5/5        EV: 10    Int: 16    God:
Gold:   75         SH:  2    Dex: 13    Spells: 1 memorised, 4 levels left

rFire  . . .     SeeInvis .       - Unarmed
rCold  . . .     Gourm    .     m - +0 ring mail
rNeg   . . .     Faith    .     (no shield)
rPois  .         Spirit   .     (no helmet)
rElec  .         Dismiss  .     (no cloak)
rCorr  .         Reflect  .     h - +0 pair of gloves
SustAt .         Harm     .     k - +1 pair of boots
MR     .....                    (no amulet)
Stlth  +.........               (no ring)
                                (no ring)

@: lethally poisoned (0 -> -4), very slightly contaminated, hasted, very quick,
not resistant to hostile enchantments, very unstealthy
A: large bone plates 1
a: no special abilities


You were on level 2 of the Dungeon.
You were not hungry.

You visited 1 branch of the dungeon, and saw 3 of its levels.

You collected 75 gold pieces.

Inventory:

Armour
 a - a +0 robe
 h - a +0 pair of gloves (worn)
 k - a +1 pair of boots (worn)
 m - a +0 ring mail (worn)
Scrolls
 d - 2 scrolls of remove curse {unknown}
 g - a scroll of fear {unknown}
 i - 4 scrolls of identify {unknown}
 j - a scroll of magic mapping {unknown}
Books
 b - a book of Callings

   Spells                             Type                      Level
   a - Summon Small Mammal            Summoning                    1
   b - Call Imp                       Summoning                    2
   c - Call Canine Familiar           Summoning                    3
   d - Summon Guardian Golem          Hexes/Summoning              3
   e - Summon Lightning Spire         Summoning/Air                4
   f - Summon Ice Beast               Ice/Summoning                4
Comestibles
 c - 2 bread rations
 f - a beef jerky
 l - a meat ration


   Skills:
 - Level 1.7 Dodging
 - Level 1.7 Stealth
 + Level 2.1 Unarmed Combat
 - Level 2.0 Spellcasting
 - Level 4.0 Summonings


You had 4 spell levels left.
You knew the following spells:

 Your Spells              Type           Power        Failure   Level  Hunger
a - Summon Small Mammal   Summ           ##..         14%         1    #......


Dungeon Overview and Level Annotations

Branches:
Dungeon (3/15)

Altars:
Kikubaaqudgha
Nemelex Xobeh


Innate Abilities, Weirdness & Mutations

You are partially covered in large bone plates. (AC +2, SH +2)


Message History

* * * LOW HITPOINT WARNING * * *
You feel sick.
Unknown command.
The orc closely misses your quokka.
There is a stone staircase leading up here.
Unknown command.
* * * LOW HITPOINT WARNING * * *
You feel sick.
You climb upwards.
Your summoned ally is left behind.
There is a stone staircase leading down here.
Unknown command.
* * * LOW HITPOINT WARNING * * *
You feel sick.
* * * LOW HITPOINT WARNING * * *
You feel sick.
Unknown command.
Unknown command.
* * * LOW HITPOINT WARNING * * *
You feel sick.
You die...

.. #.## #########
#...# #.......#
#..#######.......#
#...........).>.#
###.#.....w.....#
#.####........#
#.# ##.......# #.#
#...@...#
#.#####.......#
#....##.......#
###
####..#.......#
..## ##....######
#..# ####.# ...#
#.# ##### ##.#
#.## #...# ...##
#..### #...#


You could see a worm.

Vanquished Creatures
  A dart slug (D:1)
  2 orcs (D:3)
  3 bats (D:2)
  A giant cockroach (D:2)
  2 goblins
  A hobgoblin (D:2)
  A kobold (D:2)
  A giant newt (D:1)
  2 rats (D:2)
14 creatures vanquished.

Vanquished Creatures (collateral kills)
  A goblin (D:3)
  3 jackals (D:1)
4 creatures vanquished.

Grand Total: 18 creatures vanquished

Notes
Turn   | Place    | Note
-------+----------+-------------------------------------------
     0 | D:1      | 4thArraOfDagon the Demonspawn Summoner began the quest for the Orb.
     0 | D:1      | Reached XP level 1. HP: 13/13 MP: 3/3
    94 | D:1      | Reached skill level 1 in Unarmed Combat
   152 | D:2      | Gained mutation: You are partially covered in large bone plates. (AC +2, SH +2) [demonic ancestry]
   152 | D:2      | Reached XP level 2. HP: 10/19 MP: 5/5
   248 | D:2      | Found a sparkling altar of Nemelex Xobeh.
   248 | D:2      | Found an ancient bone altar of Kikubaaqudgha.
   565 | D:2      | Succumbed to an orc's poison

Vault maps used:
D:1:      grunt_arrival_lava_bath, serial_bayou_pond_c
D:2:      lemuel_crystal_altar, gammafunk_temple_overflow_wave,
          nicolae_ru_great_annihilating_truth
D:3:      first_bread, hangedman_decor_push, uniq_crazy_yiuf_cottage,
          uniq_robin, uniq_grinder, uniq_jessica

Skill      XL: |  1  2 |
---------------+-------+-----
Unarmed Combat | 1 2 |  2.1
Dodging        | |  1.7
Stealth        | |  1.7
Spellcasting   | |  2.0
Summonings     | |  4.0

Action                   || total
-------------------------++-------
Melee: Unarmed           ||    86
       Punch             ||     2
 Cast: Summon Small Mamm ||     7
  Use: Potion            ||     1
 Stab: Sleeping          ||     4
Armor: Robe              ||    33
       Ring mail         ||     2
Dodge: Dodged            ||    66
Block: Other             ||     2
